 Dungeon Crawl Stone Soup version 0.18.1-5-g4a78601 (webtiles) character file.

44 tyvek the Shield-Bearer (level 3, 0/30 HPs)
             Began as a Formicid Fighter on May 13, 2016.
             Slain by a gnoll
             ... wielding a +2 spear of flaming
              (2 damage)
             ... on level 2 of the Dungeon.
             The game lasted 00:01:30 (1095 turns).

tyvek the Shield-Bearer (Formicid Fighter)          Turns: 1095, Time: 00:01:30

Health: 0/30       AC:  6    Str: 21    XL:     3   Next: 87%
Magic:  3/3        EV:  8    Int:  7    God:
Gold:   55         SH:  9    Dex: 10    Spells: 0 memorised, 2 levels left

rFire  . . .     SeeInvis +     a - +0 war axe
rCold  . . .     Gourm    .     b - +0 scale mail
rNeg   . . .     Faith    .     c - +0 shield
rPois  .         Spirit   .     (helmet unavailable)
rElec  .         Dismiss  .     (no cloak)
rCorr  .         Reflect  .     (no gloves)
SustAt .         Harm     .     (no boots)
MR     .....                    (no amulet)
Stlth  ..........               (no ring)
                                (no ring)

@: lethally poisoned (0 -> -3), not resistant to hostile enchantments, extremely
unstealthy
A: permanent stasis, dig shafts and tunnels, four strong arms, antennae 3
a: Dig, Shaft Self


You were on level 2 of the Dungeon.
You were not hungry.

You visited 1 branch of the dungeon, and saw 2 of its levels.

You collected 55 gold pieces.

Inventory:

Hand Weapons
 a - a +0 war axe (weapon)
Armour
 b - a +0 scale mail (worn)
 c - a +0 shield (worn)
Scrolls
 g - a scroll of magic mapping {unknown}
 h - a scroll of fog {unknown}
 i - a scroll of enchant armour {unknown}
Potions
 d - a potion of might
 e - a potion of cure mutation {unknown}
Comestibles
 f - a bread ration {@e1}


   Skills:
 + Level 3.7 Fighting
 * Level 2.8 Axes
 + Level 3.5 Armour
 + Level 4.1 Shields


You had 2 spell levels left.
You didn't know any spells.

Dungeon Overview and Level Annotations

Branches:
Dungeon (2/15)

Altars:


Innate Abilities, Weirdness & Mutations

You are under a permanent stasis effect.
You can dig through walls and to a lower floor.
Your four strong arms can wield two-handed weapons with a shield.
You have a pair of large antennae on your head (SInv).


Message History

You slash the kobold!
You kill the kobold!
You barely miss the hobgoblin. You block the hobgoblin's attack.
The hobgoblin misses you.
You slash the hobgoblin!
You kill the hobgoblin!
No target in view!
Things that are here:
a dagger; a kobold corpse You butcher the kobold corpse.
Things that are here:
a dagger; an inedible chunk of flesh {@w0} You see here 2 stones.
An ooze comes into view.
The ooze quivers.
You block the ooze's attack.
You barely miss the ooze. You block the ooze's attack.
You slash the ooze! The ooze closely misses you. x2
Health restored: 30 You hit the ooze.
You kill the ooze!
g - a scroll labeled SUYWNU ISSEOJI You open the door.
There is an open door here.
You sense a monster nearby.
A giant cockroach comes into view.
The giant cockroach bites you but does no damage. x2
You hit the giant cockroach. You block the giant cockroach's attack.
You slash the giant cockroach!
You kill the giant cockroach!
No target in view!
No target in view!
You now have 55 gold pieces (gained 4).
Found a faded altar to an unknown god.
No target in view!
No target in view!
No target in view!
A hobgoblin comes into view. It is wielding a club.
The hobgoblin shouts!
A bat comes into view. x2
A gnoll comes into view. It is wielding a club.
The gnoll shouts!
The hobgoblin hits you with a club. The bat barely misses you.
You block the bat's attack.
You take 2 damage, and have 28/30 hp.
You closely miss the bat. You barely miss the hobgoblin.
You closely miss the bat. The bat hits you but does no damage.
You block the bat's attack. The hobgoblin hits you with a club.
An adder comes into view.
You take 3 damage, and have 25/30 hp.
You hit the bat. You barely miss the hobgoblin.
The bat hits you but does no damage. You block the bat's attack.
The hobgoblin hits you but does no damage.
You hit the hobgoblin. The bat closely misses you. The bat misses you.
The hobgoblin hits you with a club. The hobgoblin barely misses you.
A gnoll comes into view. It is wielding a spear of flaming.
You take 2 damage, and have 23/30 hp.
You completely miss the hobgoblin.
The gnoll shouts!
You hit the gnoll. You hit the bat.
You kill the bat!
You block the bat's attack. The hobgoblin hits you with a club.
The gnoll hits you but does no damage. The adder barely misses you.
A gnoll and a kobold come into view.
You take 1 damage, and have 22/30 hp.
The kobold shouts!
The gnoll shouts!
You hit the gnoll but do no damage. You hit the hobgoblin.
You barely miss the adder. The adder bites you.
The bat hits you but does no damage. The hobgoblin barely misses you.
You block the gnoll's attack. The adder bites you but does no damage.
You take 3 damage, and have 19/30 hp.
You closely miss the hobgoblin. You barely miss the adder.
You hit the gnoll but do no damage. The bat hits you but does no damage.
The hobgoblin barely misses you. The gnoll hits you but does no damage.
The adder closely misses you. The hobgoblin barely misses you.
You block the adder's attack. The gnoll hits you with a club.
You take 1 damage, and have 18/30 hp.
You are too injured to fight recklessly!
You are too injured to fight recklessly!
You are too injured to fight recklessly!
The adder bites you.
You are poisoned.
The adder poisons you!
You take 2 damage, and have 16/30 hp.
You feel sick. You block the bat's attack.
You take 1 damage, and have 15/30 hp.
The bat hits you. You block the bat's attack.
You take 1 damage, and have 14/30 hp.
You miss the bat.
You feel sick. The bat misses you. The gnoll closely misses you.
You take 1 damage, and have 13/30 hp.
You barely miss the gnoll. The gnoll hits you with a club.
* * * LOW HITPOINT WARNING * * *
You take 5 damage, and have 8/30 hp.
You barely miss the gnoll. The gnoll hits you but does no damage.
You block the gnoll's attack.
The gnoll hits you from afar with a spear of flaming.
* * * LOW HITPOINT WARNING * * *
The gnoll burns you.
You die...

. ... .#_ ### # ..
#.#####.. #<# # ...#.......
.# #.# #
.............#####.####.###
.....(....................(
..........................
#.#.#..#.#..#.....#######
#..K...#.#..#..##.#......
#..#..#@#...............
#...{{#g##.#..........##
#..{{gb##.#.#........'.
#..S#####†..#........##
#..........#.........#
........###.#.........#
8.####..#. ..#....###### ..
#..#.#..##....# . ...# #..
#....#


You could see 2 gnolls and a bat.

Vanquished Creatures
  An ooze (D:2)
  3 dart slugs (D:1)
  2 giant geckos (D:1)
  3 giant cockroaches
  3 goblins (D:1)
  3 hobgoblins
  A jackal (D:1)
  5 kobolds
  7 bats
  3 rats
31 creatures vanquished.

Notes
Turn   | Place    | Note
--------------------------------------------------------------
     0 | D:1      | tyvek the Formicid Fighter began the quest for the Orb.
     0 | D:1      | Reached XP level 1. HP: 18/18 MP: 1/1
   196 | D:1      | Reached XP level 2. HP: 16/24 MP: 2/2
   436 | D:1      | Reached skill level 4 in Shields
   436 | D:1      | Reached XP level 3. HP: 13/29 MP: 3/3
  1075 | D:2      | Found a faded altar to an unknown god.
  1095 | D:2      | HP: 2/30 [gnoll/spear of flaming (6)]
  1095 | D:2      | Slain by a gnoll

Skill      XL: |  1  2 |
---------------+-------+-----
Shields        | 4 |  4.1
Fighting       | |  3.7
Axes           | |  2.8
Armour         | |  3.5

Action                   || total
-------------------------++-------
Melee: War axe           ||    88
 Abil: Dig               ||     4
  Eat: Chunk             ||     1
Armor: Scale mail        ||    58
Dodge: Dodged            ||    34
Block: Shield            ||    57

Vault maps used:
D:1:      dpeg_cavernosity
D:2:      ecumenical_altar_1, solitary_fountain, grunt_ministairs_10

Table legend:
 A = Turns spent in this place as a percentage of turns spent in the entire game.
 B = Non-inter-level travel turns spent in this place as a percentage of non-inter-level travel turns spent in the entire game.
 C = Inter-level travel turns spent in this place as a percentage of turns spent in this place.
 D = Turns resting spent in this place as a percentage of non-inter-level travel turns spent in this place.
 E = Turns spent auto-exploring this place as a percentage of non-inter-level travel turns spent in this place.
 F = Non-inter-level travel turns spent in this place divided by the number of levels of this place that you've seen.
                   A       B       C       D       E      F
               +-------+-------+-------+-------+-------+----------------------
         Total | 100.0 | 100.0 |   0.3 |   2.5 |  11.4 | 162.0
       Dungeon | 100.0 | 100.0 |   0.3 |   2.5 |  11.4 | 162.0
               +-------+-------+-------+-------+-------+----------------------

Table legend:
 A = Kills in this place as a percentage of kills in entire the game.
 B = Kills by you in this place as a percentage of kills by you in the entire game.
 C = Kills by friends in this place as a percentage of kills by friends in the entire game.
 D = Other kills in this place as a percentage of other kills in the entire game.
 E = Experience gained in this place as a percentage of experience gained in the entire game.
 F = Experience gained in this place divided by the number of levels of this place that you have seen.
                   A       B       C       D       E      F
               +-------+-------+-------+-------+-------+----------------------
         Total | 100.0 | 100.0 |  -nan |  -nan | 100.0 |  32.0
       Dungeon | 100.0 | 100.0 |  -nan |  -nan | 100.0 |  32.0
               +-------+-------+-------+-------+-------+----------------------
